 Dungeon Crawl Stone Soup version 0.32-a0-314-g526f7d4993 (webtiles) character file.

Game seed: 746804085013824487

585 ytrimaz the Blocker (level 7, -2/52 HPs)
             Began as a Formicid Fighter on Feb 15, 2024.
             Slain by Pikel
             ... wielding a +2 whip of freezing
              (9 damage)
             ... on level 4 of the Dungeon.
             The game lasted 00:03:58 (3515 turns).

ytrimaz the Blocker (Formicid Fighter)              Turns: 3515, Time: 00:03:58

Health: -2/52      AC:  6    Str: 23    XL:     7   Next: 64%
Magic:  7/7        EV:  9    Int:  7    God:
Gold:   236        SH:  7    Dex: 19    Spells: 6/6 levels left

rFire   . . .        j - +1 hand axe (venom)
rCold   . . .        c - +0 buckler
rNeg    . . .        b - +0 scale mail
rPois   .            (helmet unavailable)
rElec   .            (no cloak)
rCorr   .            (no gloves)
SInv    +            (no boots)
Will    .....        l - amulet of the acrobat Stlth
                     g - +6 ring of dexterity
HPRegen 0.28/turn    (no ring)
MPRegen 0.10/turn

%: acrobat
@: invisible
A: permanent stasis, dig shafts and tunnels, antennae 3, four strong arms
a: Dig, Shaft Self


You were on level 4 of the Dungeon.
You visited 1 branch of the dungeon, and saw 4 of its levels.

You collected 236 gold pieces.


Innate Abilities, Weirdness & Mutations

You cannot be hasted, slowed, berserked, paralysed or teleported.
You can dig through walls and to a lower floor.
You have a pair of large antennae on your head. (SInv)
Your four strong arms can wield two-handed weapons with a shield.


   Skills:
 - Level 3.2 Fighting
 + Level 5.7 Axes
 - Level 3.2 Armour
 + Level 8.2 Shields


You had 6 spell levels left.
You didn't know any spells.
Your spell library contained the following spells:

 Spells                   Type           Power      Damage    Failure   Level
 Ensorcelled Hibernation  Hex/Ice        0%         N/A       90%         2
 Frozen Ramparts          Ice            0%         1d1       99%         3
 Fugue of the Fallen      Necr           0%         N/A       99%         3
 Gell's Gravitas          Tloc           0%         N/A       99%         3
 Passwall                 Erth           0%         N/A       99%         3
 Teleport Other           Tloc           0%         N/A       99%         3
 Anguish                  Hex/Necr       0%         N/A       100%        4
 Leda's Liquefaction      Alch/Erth      0%         N/A       100%        4
 Petrify                  Alch/Erth      0%         N/A       100%        4
 Metabolic Englaciation   Hex/Ice        0%         N/A       100%        5
 Dispersal                Tloc           0%         N/A       100%        6
 Swiftness                Air            Unusable   N/A       N/A         3

Inventory:

Hand Weapons
 a - a +0 war axe
 j - a +1 hand axe of venom (weapon)
   (You took it off an orc on level 4 of the Dungeon)
Missiles
 o - a throwing net
Armour
 b - a +0 scale mail (worn)
 c - a +0 buckler (worn)
Jewellery
 g - a +6 ring of dexterity (left hand)
   (You found it on level 1 of the Dungeon)
 l - an amulet of the acrobat (around neck)
   (You found it on level 2 of the Dungeon)
Scrolls
 i - a scroll of silence {unknown}
 k - a scroll of immolation {unknown}
 n - a scroll of amnesia {unknown}
 q - a scroll of blinking {unknown}
 r - a scroll of brand weapon {unknown}
 s - a scroll of vulnerability {unknown}
 t - 2 scrolls of fog
 v - a scroll of fear {unknown}
 w - a scroll of enchant armour {unknown}
 y - a scroll of noise {unknown}
Potions
 d - a potion of might
 e - a potion of curing
 f - a potion of invisibility
 h - 2 potions of brilliance
 m - a potion of resistance {unknown}
 p - a potion of attraction {unknown}
 u - a potion of berserk rage {unknown}
 x - a potion of enlightenment {unknown}

Dungeon Overview and Level Annotations

Branches:
Dungeon (4/15) Zot: 20394
 Temple: D:4-7

Altars:

Annotations:
D:4 Pikel

,... # ,#.#.# ###
#.#.# #..
#.#.#.############.#
#.#.................
#.#...# #######.#
#.#5########........
#.#K# #......#######
#.#@# #.####.# #
#)#.###.####.# ##
#............# #.
#.....#.####.# ##
#..####.# #.# #
...>.# #.# #.#######
###### #.# #....[...
#># #####.##. #.#
#.##.


You could see Pikel (unable to see you, extremely poisoned) and a lemure (unable
to see you).


Message History

You are too injured to fight recklessly!
Unknown command.
You closely miss the lemure. You barely miss the lemure. You hit the lemure.
The lemure looks as sick as possible!
You block the lemure's attack. The lemure barely misses you.
The lemure hits you! 😮 HP[-7]
You take 7 damage, and now have 29/52 hp.
You are too injured to fight recklessly!
The lemure completely misses you. 😮 HP[+1]
You kill the lemure!
That felt strangely unrewarding.
The lemure attacks as it pursues you! The lemure completely misses you.
The lemure attacks as it pursues you! You block the lemure's attack.
You hit the lemure but do no damage. The lemure hits you.
* * * LOW HITPOINT WARNING * * *
😨 HP[-4]
You take 4 damage, and now have 26/52 hp.
You are too injured to fight recklessly!
You hit the lemure but do no damage.
The lemure looks as sick as possible!
The lemure closely misses you.
Unknown command.
You hit the lemure.
You kill the lemure!
That felt strangely unrewarding.
You kill the lemure!
That felt strangely unrewarding.
You block Pikel's attack. 😮 HP[+1]
You hit Pikel.
Pikel hits you with a +2 whip of freezing.
* * * LOW HITPOINT WARNING * * *
Pikel freezes you.
* * * LOW HITPOINT WARNING * * *
😨 HP[-2]
You take 2 damage, and now have 25/52 hp.
You hit Pikel but do no damage. Pikel hits you but does no damage.
Unknown command.
You hit Pikel. Pikel barely misses you.
You closely miss Pikel.
Pikel hits you with a +2 whip of freezing.
* * * LOW HITPOINT WARNING * * *
Pikel freezes you.
* * * LOW HITPOINT WARNING * * *
😨 HP[-4]
You take 4 damage, and now have 21/52 hp.
Unknown command.
You closely miss Pikel. You block Pikel's attack.
You barely miss Pikel.
Pikel hits you with a +2 whip of freezing.
* * * LOW HITPOINT WARNING * * *
Pikel freezes you.
* * * LOW HITPOINT WARNING * * *
Unknown command. 😨 HP[-5]
You take 5 damage, and now have 16/52 hp.
You hit Pikel but do no damage.
Pikel is poisoned.
Pikel hits you with a +2 whip of freezing.
* * * LOW HITPOINT WARNING * * *
Pikel freezes you.
* * * LOW HITPOINT WARNING * * *
😨 HP[-2]
You take 2 damage, and now have 14/52 hp.
Unknown command.
You miss Pikel.
Pikel hits you with a +2 whip of freezing.
* * * LOW HITPOINT WARNING * * *
Pikel freezes you.
* * * LOW HITPOINT WARNING * * *
😱 HP[-5]
You take 5 damage, and now have 9/52 hp.
Unknown command.
You hit Pikel but do no damage.
Pikel looks as sick as possible!
You block Pikel's attack.
Unknown command.
Press: ? - help, v - describe, . - travel
Here: Pikel, wielding a +2 whip of freezing and wearing a +1 robe of willpower (moderately wounded, extremely poisoned)
The floor, spattered with blood.
You feel better.
Pikel hits you with a +2 whip of freezing.
* * * LOW HITPOINT WARNING * * *
Pikel freezes you.
* * * LOW HITPOINT WARNING * * *
😱 HP[+2]
You regained 2 hp, and now have 11/52 hp.
You fade into invisibility!
Pikel closely misses you. 😱 HP[+1]
You hit Pikel.
Pikel looks as sick as possible!
Pikel hits you with a +2 whip of freezing.
* * * LOW HITPOINT WARNING * * *
Pikel freezes you.
* * * LOW HITPOINT WARNING * * *
😱 HP[-5]
You take 5 damage, and now have 7/52 hp.
You catch the helpless Pikel completely off-guard!
You hit Pikel but do no damage.
Pikel hits you with a +2 whip of freezing!
You die...
Pikel says, "Another soul for the market."

Skill      XL: |  1  2  3  4  5  6  7 |
---------------+----------------------+-----
Shields        | 5 6 7 8 |  8.2
Axes           | 3 4 5 |  5.7
Fighting       | |  3.2
Armour         | |  3.2

Action                     |  1- 3 |  4- 6 |  7- 9 || total
---------------------------+-------+-------+-------++-------
  Melee: War axe           |    65 |   187 |    21 ||   273
         Hand axe          |       |       |    27 ||    27
    Use: Scroll            |       |     5 |       ||     5
         Potion            |       |       |     4 ||     4
   Stab: Invisible         |       |       |     1 ||     1
 Armour: Scale mail        |    36 |   104 |    33 ||   173
  Dodge: Dodged            |    37 |   106 |    16 ||   159
  Block: Buckler           |    24 |    65 |    14 ||   103

Levels and vault maps discovered:
D:1:      grunt_arrival_crossed_arrows, layout_loops_corners,
          chequers_serial_rivers_micro_c
D:2:      kennysheep_big_flooded_room, layout_basic,
          hellmonk_ecumenical_altar_leap_of_faith, minmay_misc_feat_tower,
          uniq_terence
D:3:      minmay_chambers_of_threes, layout_loops_cross, minmay_starry_boxes
D:4:      layout_loops_ring, led_sif_book, kennysheep_crisscross,
          minmay_joined_circles, uniq_pikel, uniq_menkaure

Notes
Turn   | Place    | Note
-------+----------+-------------------------------------------
     0 | D:1      | ytrimaz the Formicid Fighter began the quest for the Orb.
     0 | D:1      | Reached XP level 1. HP: 18/18 MP: 1/1
     0 | D:1      | magus.rc [v1.9.6]
    53 | D:1      | Reached XP level 2. HP: 24/24 MP: 2/2
   133 | D:1      | You add the spells Gell's Gravitas, Teleport Other and
                  | Dispersal to your library.
   148 | D:1      | You pick up a book of Burglary and begin reading...
   148 | D:1      | You add the spells Ensorcelled Hibernation and Passwall to
                  | your library.
   210 | D:1      | You pick up a book of Dreams and begin reading...
   210 | D:1      | You add the spells Fugue of the Fallen and Anguish to your
                  | library.
   242 | D:1      | Reached XP level 3. HP: 29/29 MP: 3/3
   491 | D:1      | Reached skill level 5 in Shields
   562 | D:1      | Reached skill level 3 in Axes
   829 | D:1      | Reached XP level 4. HP: 35/35 MP: 4/4
  1241 | D:2      | Found a faded altar of an unknown god.
  1350 | D:2      | Noticed Terence
  1364 | D:2      | Killed Terence
  1371 | D:2      | Reached XP level 5. HP: 29/41 MP: 5/5
  1752 | D:2      | Reached skill level 6 in Shields
  1969 | D:3      | Reached skill level 4 in Axes
  2182 | D:3      | Reached XP level 6. HP: 35/47 MP: 6/6
  2596 | D:3      | Reached skill level 7 in Shields
  3019 | D:4      | Reached skill level 5 in Axes
  3019 | D:4      | Reached XP level 7. HP: 51/52 MP: 7/7
  3139 | D:4      | You pick up a book of Sloth and begin reading...
  3139 | D:4      | You add the spells Frozen Ramparts, Leda's Liquefaction,
                  | Petrify and Metabolic Englaciation to your library.
  3156 | D:4      | Noticed Menkaure
  3163 | D:4      | HP: 5/52 [Menkaure (16)]
  3164 | D:4      | Killed Menkaure
  3165 | D:4      | Reached skill level 8 in Shields
  3487 | D:4      | Noticed Pikel
  3510 | D:4      | HP: 10/52 [Pikel/+2 whip of freezing (4)]
  3515 | D:4      | Slain by Pikel

Vanquished Creatures
  Menkaure (D:4)
  3 lemures (D:4)
  A scorpion (D:4)
  A bombardier beetle (D:3)
  An orc priest (D:3)
  Terence (D:2)
  2 orc wizards
  5 adders
  A gnoll (D:3)
  5 dart slugs
  2 ribbon worms (D:2)
  19 orcs
  5 ball pythons
  7 endoplasms
  3 giant cockroaches
  10 goblins
  11 hobgoblins
  4 quokkas
  8 bats
  3 frilled lizards (D:1)
  6 kobolds
  5 rats
104 creatures vanquished.

Table legend:
 A = Non-vault XP
 B = Vault XP
 C = Vault XP percentage of total XP
 D = Non-vault monster count
 E = Vault monster count
 F = Vault count percentage of total count
                 A         B        C        D         E       F
            +---------+---------+-------+---------+---------+-------
      Total |     483 |     354 |  42.3 |      82 |      19 |  18.8
            +---------+---------+-------+---------+---------+-------
        D:1 |      69 |       0 |   0.0 |      25 |       0 |   0.0
        D:2 |      88 |      45 |  33.8 |      21 |       3 |  12.5
        D:3 |     153 |     125 |  45.0 |      21 |      15 |  41.7
        D:4 |     173 |     184 |  51.5 |      15 |       1 |   6.2
            +---------+---------+-------+---------+---------+-------

Skill      XL: |  1  2  3  4  5  6  7 |
---------------+----------------------+-----
Shields        | 5 6 7 8 |  8.2
Axes           | 3 4 5 |  5.7
Fighting       | |  3.2
Armour         | |  3.2

Action                     |  1- 3 |  4- 6 |  7- 9 || total
---------------------------+-------+-------+-------++-------
  Melee: War axe           |    65 |   187 |    21 ||   273
         Hand axe          |       |       |    27 ||    27
    Use: Scroll            |       |     5 |       ||     5
         Potion            |       |       |     4 ||     4
   Stab: Invisible         |       |       |     1 ||     1
 Armour: Scale mail        |    36 |   104 |    33 ||   173
  Dodge: Dodged            |    37 |   106 |    16 ||   159
  Block: Buckler           |    24 |    65 |    14 ||   103

Illustrated notes

Table legend:
 A = Kills in this place as a percentage of kills in the entire game.
 B = Kills by you in this place as a percentage of kills by you in the entire game.
 C = Kills by friends in this place as a percentage of kills by friends in the entire game.
 D = Other kills in this place as a percentage of other kills in the entire game.
 E = Experience gained in this place as a percentage of experience gained in the entire game.
 F = Experience gained in this place divided by the number of levels of this place that you have seen.
                   A       B       C       D       E      F
               +-------+-------+-------+-------+-------+----------------------
         Total | 100.0 | 100.0 |   N/A |   N/A | 100.0 | 209.2
       Dungeon | 100.0 | 100.0 |   N/A |   N/A | 100.0 | 209.2
               +-------+-------+-------+-------+-------+----------------------

Table legend: (Time is in decaauts)
 A = Elapsed time spent in this place.
 B = Non-inter-level travel time spent in this place.
 C = Inter-level travel time spent in this place.
 D = Time resting spent in this place.
 E = Time spent auto-exploring this place.
 F = Levels seen in this place.
 G = Mean time per level.
                   A        B        C        D        E       F      G
               +--------+--------+--------+--------+--------+-----+--------+
         Total |   3604 |   3523 |     81 |     44 |   2677 |   4 |  901.0 |
       Dungeon |   3604 |   3523 |     81 |     44 |   2677 |   4 |  901.0 |
               +--------+--------+--------+--------+--------+-----+--------+

Top non-repeatable levels by time:
     D:1: 1047 daAuts
     D:3: 1041 daAuts
     D:2: 862 daAuts
     D:4: 653 daAuts
